 Dungeon Crawl Stone Soup version 0.30-a0-802-gb92711bcdf (webtiles) character file.

Game seed: 4174672749210423822

313 Darius099 the Cleaver (level 6, -2/51 HPs)
             Began as a Minotaur Fighter on Feb 24, 2023.
             Slain by a lemure (8 damage)
             ... led by Pikel
             ... on level 3 of the Dungeon.
             The game lasted 00:05:40 (2397 turns).

Darius099 the Cleaver (Minotaur Fighter)            Turns: 2397, Time: 00:05:41

Health: -2/51      AC: 10    Str: 22    XL:     6   Next: 19%
Magic:  5/5        EV:  9    Int:  5    God:
Gold:   129        SH:  4    Dex: 10    Spells: 5/5 levels left

rFire   . . .      SeeInvis .    a - +0 war axe
rCold   + . .      Faith    .    c - +0 buckler
rNeg    . . .      Spirit   .    v - +2 scale mail {rC+}
rPois   .          Reflect  .    (helmet restricted)
rElec   .          Harm     .    (no cloak)
rCorr   .          Rampage  .    p - +0 pair of gloves
Will    .....                    (no boots) Stlth
                                 C - amulet of regeneration
HPRegen 1.08/turn                (no ring)
MPRegen 0.09/turn                (no ring)

@: no status effects
A: horns 2, retaliatory headbutt
a: no special abilities


You were on level 3 of the Dungeon.
You visited 1 branch of the dungeon, and saw 4 of its levels.

You collected 129 gold pieces.

Inventory:

Hand Weapons
 a - a +0 war axe (weapon)
Missiles
 g - 10 stones (quivered)
 y - 4 poisoned darts
Armour
 c - a +0 buckler (worn)
 p - a +0 pair of gloves (worn)
 v - a +2 scale mail of cold resistance (worn)
Jewellery
 C - an amulet of regeneration (around neck)
Scrolls
 h - a scroll of enchant weapon {unknown}
 i - a scroll of teleportation {unknown}
 j - 5 scrolls of identify {unknown}
 k - a scroll of blinking {unknown}
 o - a scroll of magic mapping {unknown}
 t - a scroll of silence {unknown}
 u - a scroll of poison {unknown}
 x - a scroll of vulnerability {unknown}
 A - a scroll of fog {unknown}
 B - a scroll of summoning {unknown}
Potions
 b - a potion of mutation {unknown}
 d - 2 potions of might
 e - 2 potions of heal wounds {unknown}
 f - a potion of ambrosia {unknown}
 l - a potion of resistance {unknown}
 m - a potion of invisibility {unknown}
 n - 3 potions of curing {unknown}
 q - a potion of magic {unknown}
 r - 2 potions of berserk rage {unknown}
 s - a potion of lignification {unknown}
 w - 3 potions of degeneration {unknown}
 z - 4 potions of flight {unknown}


   Skills:
 - Level 3.6 Fighting
 + Level 8.0 Axes
 - Level 3.6 Armour
 - Level 3.6 Shields


You had 5 spell levels left.
You didn't know any spells.
Your spell library contained the following spells:

 Spells                   Type           Power      Damage    Failure   Level
 Ensorcelled Hibernation  Hex/Ice        0%         N/A       95%         2
 Static Discharge         Conj/Air       0%         2-2/arc   95%         2
 Spider Form              Tmut/Pois      0%         N/A       99%         3
 Vhi's Electric Charge    Tloc/Air       0%         N/A       99%         3
 Anguish                  Hex/Necr       0%         N/A       100%        4
 Arcjolt                  Conj/Air       0%         1d10      100%        5
 Lightning Bolt           Conj/Air       0%         1d11      100%        5


Dungeon Overview and Level Annotations

Branches:
Dungeon (4/15)
 Temple: D:4-7

Altars:

Annotations:
D:4 Pikel


Innate Abilities, Weirdness & Mutations

You have a pair of horns on your head.
You reflexively headbutt those who attack you in melee.


Message History

The lemure hits you but does no damage. The lemure hits you.
You barely miss the lemure. Your headbutt misses the lemure.
You completely miss the lemure. You slash the lemure!
The lemure hits you but does no damage. The lemure hits you. x2
You closely miss the lemure. You barely miss the lemure. You hit the lemure.
The lemure hits you. The lemure closely misses you.
The lemure hits you but does no damage.
You slash the lemure! You headbutt the lemure!
The lemure is heavily wounded.
You miss the lemure. You hit the lemure but do no damage. The lemure hits you.
* * * LOW HITPOINT WARNING * * *
The lemure hits you.
* * * LOW HITPOINT WARNING * * *
The lemure hits you but does no damage. The lemure hits you.
* * * LOW HITPOINT WARNING * * *
The lemure hits you but does no damage. x2
You bump into the rock wall.
You feel less confused. The lemure hits you but does no damage.
The lemure closely misses you. The lemure hits you but does no damage.
You slash the lemure!
You kill the lemure!
That felt strangely unrewarding.
You barely miss the lemure. You hit the lemure but do no damage.
The lemure hits you.
* * * LOW HITPOINT WARNING * * *
You block the lemure's attack.
You hit the lemure.
The lemure is almost dead.
You closely miss the lemure. The lemure hits you but does no damage.
You block the lemure's attack.
You closely miss the lemure.
The lemure is almost dead.
You closely miss the lemure. You block the lemure's attack.
The lemure hits you but does no damage.
You hit the lemure.
The lemure is almost dead.
You closely miss the lemure. The lemure hits you.
* * * LOW HITPOINT WARNING * * *
The lemure hits you!
You die...

...........................#
...........................#
...........####............#
...........####............#
..................##########
..............<...#
..................#
#######..........5#
#........5@.# #.###########
#.# ##'### #....♣ #####
###...♣♣♣♣♣♣♣♣...#
#....♣~P~♣~~~♣♣#.##
#.#.~♣P~~~~~~~~~..#
####.♣~♣~P~P~~..~~...#


You could see 2 lemures.

Vanquished Creatures
  A phantom (D:3)
  2 lemures (D:3)
  A necrophage (D:3)
  Terence (D:2)
  Natasha (thrice) (D:2)
  3 adders
  A worm (D:2)
  A dart slug (D:2)
  5 ball pythons
  5 bats
  7 endoplasms
  A giant cockroach (D:3)
  5 goblins
  4 hobgoblins
  A quokka (D:1)
  8 frilled lizards
  A kobold (D:2)
  3 rats
53 creatures vanquished.

Notes
Turn   | Place    | Note
-------+----------+-------------------------------------------
     0 | D:1      | Darius099 the Minotaur Fighter began the quest for the Orb.
     0 | D:1      | Reached XP level 1. HP: 19/19 MP: 0/0
   156 | D:1      | Reached skill level 3 in Axes
   191 | D:1      | Reached XP level 2. HP: 23/26 MP: 1/1
   883 | D:2      | Reached skill level 4 in Axes
   946 | D:2      | Reached XP level 3. HP: 31/31 MP: 2/2
  1067 | D:2      | Noticed Natasha
  1071 | D:2      | Killed Natasha
  1072 | D:2      | Reached skill level 5 in Axes
  1072 | D:2      | Reached XP level 4. HP: 39/39 MP: 3/3
  1215 | D:2      | Noticed Terence
  1221 | D:2      | Killed Terence
  1343 | D:2      | Noticed Natasha
  1347 | D:2      | Killed Natasha
  1348 | D:2      | Reached skill level 6 in Axes
  1385 | D:2      | Noticed Natasha
  1388 | D:2      | Killed Natasha
  1389 | D:2      | Reached XP level 5. HP: 45/45 MP: 4/4
  1962 | D:3      | Found a faded altar of an unknown god.
  2259 | D:4      | Noticed Pikel
  2259 | D:4      | Noticed a lemure
  2259 | D:4      | Noticed a lemure
  2259 | D:4      | Noticed a lemure
  2259 | D:4      | Noticed a lemure
  2259 | D:4      | Noticed a phantom
  2272 | D:3      | Killed a phantom
  2273 | D:3      | Reached skill level 7 in Axes
  2276 | D:3      | Reached skill level 8 in Axes
  2276 | D:3      | Reached XP level 6. HP: 49/51 MP: 5/5
  2397 | D:3      | Slain by a lemure

Illustrated notes

Levels and vault maps discovered:
D:1:      roderic_chinese_lattice_arrival, layout_basic, minmay_tiny_reverse_x
D:2:      layout_basic, uniq_natasha, uniq_terence
D:3:      layout_basic, hellmonk_ecumenical_altar_crossroads,
          serial_bayou_ford_a
D:4:      minmay_polygon_palace, layout_rooms, nicolae_ru_the_path_less_chosen,
          trog_wizard, serial_shops, shop, dreamdust_gnoll_farm, uniq_pikel

Skill      XL: |  1  2  3  4  5 |
---------------+----------------+-----
Axes           | 3 4 5 6 8 |  8.0
Fighting       | |  3.6
Armour         | |  3.6
Shields        | |  3.6

Action                     |  1- 3 |  4- 6 || total
---------------------------+-------+-------++-------
  Melee: War axe           |    43 |    63 ||   106
         Headbutt          |     5 |     5 ||    10
 Armour: Scale mail        |    15 |    52 ||    67
  Dodge: Dodged            |    20 |    37 ||    57
  Block: Buckler           |     6 |    16 ||    22

Table legend: (Time is in decaauts)
 A = Elapsed time spent in this place.
 B = Non-inter-level travel time spent in this place.
 C = Inter-level travel time spent in this place.
 D = Time resting spent in this place.
 E = Time spent auto-exploring this place.
 F = Levels seen in this place.
 G = Mean time per level.
                   A        B        C        D        E       F      G
               +--------+--------+--------+--------+--------+-----+--------+
         Total |   2441 |   2318 |    123 |    100 |   1826 |   4 |  610.2 |
       Dungeon |   2441 |   2318 |    123 |    100 |   1826 |   4 |  610.2 |
               +--------+--------+--------+--------+--------+-----+--------+

Top non-repeatable levels by time:
     D:1: 886 daAuts
     D:3: 885 daAuts
     D:2: 663 daAuts
     D:4: 6 daAuts
